NCAA
WAKE FOREST DEMON DEACONS @ NORTH CAROLINA STATE WOLFPACK
05/20/2025
 
TOP OF THE 1ST
Wake Forest Demon Deacons batting - Pitching for North Carolina State Wolfpack : RHP António Lara
Pitching: RHP António Lara
Batting: SHB Terry Dailey 0-0: DOUBLE (Line Drive, 3L)
Batting: RHB Darrel O'Dooley 0-0: Ball
1-0: Ball
2-0: Called Strike
2-1: Ball
3-1: Swinging Strike
3-2: Fly out, F6 (Line Drive, 6)
Batting: RHB Wilbert Bernard 0-0: Ball
1-0: Ground out U3 (Groundball, 3S)
Terry Dailey to third
Batting: LHB Garrett King 0-0: Foul Ball, location: 2F
0-1: Swinging Strike
0-2: Strikes out looking
Top of the 1st over - 0 run(s), 1 hit(s), 0 error(s), 1 left on base; Wake Forest 0 - North Carolina State 0
BOTTOM OF THE 1ST
North Carolina State Wolfpack batting - Pitching for Wake Forest Demon Deacons : RHP Jon Allen
Pitching: RHP Jon Allen
Batting: RHB Henry Dawson 0-0: Ball
1-0: Ball
2-0: Ball
3-0: Called Strike
3-1: Base on Balls
Batting: RHB Dennis Mays 0-0: Ball
1-0: Ball
2-0: Called Strike
2-1: Grounds into double play, 6-4-3 (Groundball, 6)
Batting: RHB Rafael Rosário 0-0: Ball
1-0: Called Strike
1-1: Ground out 3-1 (Groundball, 34)
Bottom of the 1st over - 0 run(s), 0 hit(s), 0 error(s), 0 left on base; Wake Forest 0 - North Carolina State 0
TOP OF THE 2ND
Wake Forest Demon Deacons batting - Pitching for North Carolina State Wolfpack : RHP António Lara
Batting: SHB Ernesto García 0-0: Ball
1-0: Foul Ball, location: 2F
1-1: Foul Ball, location: 2F
1-2: Foul Ball, location: 2F
1-2: Hit by Pitch
Batting: RHB Victor Wilson 0-0: Foul Ball, location: 2F
0-1: SINGLE (Groundball, 56D)
Ernesto García to second
Batting: LHB Roberto Félix 0-0: Foul Ball, location: 2F
0-1: Fielders Choice at 2nd, 3-6 (Groundball, 34)
Ernesto García to third
Batting: LHB Michael Edwards 0-0: Ball
1-0: Foul Ball, location: 2F
1-1: DOUBLE (Flyball, 9LM)
Ernesto García scores
Roberto Félix to third
Batting: RHB Daniel Dillard 0-0: Ground out 6-3 (Groundball, 6M)
Roberto Félix scores
Michael Edwards to third
Batting: SHB Terry Dailey 0-0: Ball
1-0: Ball
2-0: Called Strike
2-1: Ground out 4-3 (Groundball, 4M)
Top of the 2nd over - 2 run(s), 2 hit(s), 0 error(s), 1 left on base; Wake Forest 2 - North Carolina State 0
BOTTOM OF THE 2ND
North Carolina State Wolfpack batting - Pitching for Wake Forest Demon Deacons : RHP Jon Allen
Batting: LHB Frank Jackson 0-0: Ball
1-0: Foul Ball, location: 2F
1-1: Fly out, F7 (Flyball, 7LM)
Batting: RHB Richard Heath 0-0: Ball
1-0: SOLO HOME RUN (Line Drive, 7D), Distance : 352 ft
Batting: SHB Dawson Fowler 0-0: Foul Ball, location: 2F
0-1: SOLO HOME RUN (Flyball, 9D), Distance : 369 ft
Batting: LHB Corey MacGregor 0-0: Called Strike
0-1: Ball
1-1: SINGLE (Flyball, 8LS)
Batting: RHB Kyle Watkins 0-0: Ball
1-0: Grounds into double play, U4-3 (Groundball, 4)
Bottom of the 2nd over - 2 run(s), 3 hit(s), 0 error(s), 0 left on base; Wake Forest 2 - North Carolina State 2
TOP OF THE 3RD
Wake Forest Demon Deacons batting - Pitching for North Carolina State Wolfpack : RHP António Lara
Batting: RHB Darrel O'Dooley 0-0: Ball
1-0: Fly out, F9 (Flyball, 9M)
Batting: RHB Wilbert Bernard 0-0: SOLO HOME RUN (Line Drive, 7LD), Distance : 337 ft
Batting: LHB Garrett King 0-0: Called Strike
0-1: Ball
1-1: Ball
2-1: SINGLE (Groundball, 3D)
Batting: SHB Ernesto García 0-0: Fielders Choice at 2nd, 3-6 (Groundball, 3)
Batting: RHB Victor Wilson Pickoff Throw to First - Out!
Top of the 3rd over - 1 run(s), 2 hit(s), 0 error(s), 0 left on base; Wake Forest 3 - North Carolina State 2
BOTTOM OF THE 3RD
North Carolina State Wolfpack batting - Pitching for Wake Forest Demon Deacons : RHP Jon Allen
Batting: RHB Bob Olson 0-0: Ball
1-0: Ball
2-0: Ball
3-0: Base on Balls
Batting: RHB Henry Dawson 0-0: Called Strike
0-1: Ball
1-1: Foul Ball, location: 2F
1-2: Ball
2-2: Ball
3-2: Strikes out swinging
Batting: RHB Dennis Mays 0-0: Ball
1-0: Ball
2-0: Foul Ball, location: 2F
2-1: Ball
3-1: Called Strike
3-2: Grounds into double play, 4-6-3 (Groundball, 4)
Bottom of the 3rd over - 0 run(s), 0 hit(s), 0 error(s), 0 left on base; Wake Forest 3 - North Carolina State 2
TOP OF THE 4TH
Wake Forest Demon Deacons batting - Pitching for North Carolina State Wolfpack : RHP António Lara
Batting: RHB Victor Wilson 0-0: Ball
1-0: Ball
2-0: Ball
3-0: Base on Balls
Batting: LHB Roberto Félix 0-0: Called Strike
0-1: Ball
1-1: Fly out, F6 (Line Drive, 6M)
Batting: LHB Michael Edwards 0-0: Ball
1-0: DOUBLE (Flyball, 89M)
Victor Wilson to third
Batting: RHB Daniel Dillard 0-0: SINGLE (Line Drive, 56D)
Victor Wilson scores
Michael Edwards to third
Batting: SHB Terry Dailey 0-0: Hit by Pitch
Daniel Dillard to second
Batting: RHB Darrel O'Dooley 0-0: Foul Ball, location: 2F
0-1: Foul Ball, location: 2F
0-2: Foul Ball, location: 2F
0-2: Foul Ball, location: 2F
0-2: Ball
1-2: Strikes out swinging
Batting: RHB Wilbert Bernard 0-0: Fielders Choice at 2nd, 6-4 (Groundball, 6)
Top of the 4th over - 1 run(s), 2 hit(s), 0 error(s), 2 left on base; Wake Forest 4 - North Carolina State 2
BOTTOM OF THE 4TH
North Carolina State Wolfpack batting - Pitching for Wake Forest Demon Deacons : RHP Jon Allen
Batting: RHB Rafael Rosário 0-0: Ball
1-0: Swinging Strike
1-1: Called Strike
1-2: Strikes out looking
Batting: LHB Frank Jackson 0-0: Foul Ball, location: 2F
0-1: Swinging Strike
0-2: Fly out, F7 (Flyball, 7D)
Batting: RHB Richard Heath 0-0: Called Strike
0-1: Swinging Strike
0-2: Ball
1-2: Ball
2-2: Foul Ball, location: 2F
2-2: Strikes out swinging
Bottom of the 4th over - 0 run(s), 0 hit(s), 0 error(s), 0 left on base; Wake Forest 4 - North Carolina State 2
TOP OF THE 5TH
Wake Forest Demon Deacons batting - Pitching for North Carolina State Wolfpack : RHP António Lara
Batting: LHB Garrett King 0-0: Ball
1-0: Ball
2-0: Called Strike
2-1: Swinging Strike
2-2: Ball
3-2: SINGLE (Line Drive, 89M)
Batting: SHB Ernesto García 0-0: Foul Ball, location: 2F
0-1: Foul Ball, location: 2F
0-2: Foul Ball, location: 2F
0-2: Ball
1-2: Strikes out swinging
Batting: RHB Victor Wilson 0-0: Called Strike
0-1: Ball
1-1: Ball
2-1: Ball
3-1: Foul Ball, location: 2F
3-2: Foul Ball, location: 2F
3-2: Strikes out swinging
Batting: LHB Roberto Félix 0-0: Ball
1-0: Ball
Wild Pitch!
Garrett King to second
2-0: Ball
Wild Pitch!
Garrett King to third
3-0: Called Strike
3-1: Ground out U3 (Groundball, 3S)
Top of the 5th over - 0 run(s), 1 hit(s), 0 error(s), 1 left on base; Wake Forest 4 - North Carolina State 2
BOTTOM OF THE 5TH
North Carolina State Wolfpack batting - Pitching for Wake Forest Demon Deacons : RHP Jon Allen
Batting: SHB Dawson Fowler 0-0: Ball
1-0: Ball
2-0: Ball
3-0: Called Strike
3-1: Ground out 5-3 (Groundball, 5S)
Batting: LHB Corey MacGregor 0-0: Foul Ball, location: 2F
0-1: Ball
1-1: Ball
2-1: Called Strike
2-2: Foul Ball, location: 2F
2-2: Ball
3-2: Base on Balls
Batting: RHB Kyle Watkins 0-0: Ball
1-0: Called Strike
1-1: Fly out, F3 (Popup, 23)
Batting: RHB Bob Olson 0-0: Ball
Corey MacGregor is caught stealing 2nd base
Bottom of the 5th over - 0 run(s), 0 hit(s), 0 error(s), 0 left on base; Wake Forest 4 - North Carolina State 2
TOP OF THE 6TH
Wake Forest Demon Deacons batting - Pitching for North Carolina State Wolfpack : RHP António Lara
Batting: LHB Michael Edwards 0-0: Ball
1-0: Ball
2-0: Ball
3-0: Called Strike
3-1: Base on Balls
Pitching: RHP Bob Howe
Batting: RHB Daniel Dillard 0-0: Called Strike
0-1: Foul Ball, location: 2F
0-2: Foul Ball, location: 2F
0-2: Foul Ball, location: 2F
0-2: Foul Ball, location: 2F
0-2: Strikes out swinging
Batting: SHB Terry Dailey 0-0: Ball
1-0: Ball
2-0: Ball
3-0: Called Strike
3-1: 2-RUN HOME RUN (Flyball, 9LD), Distance : 323 ft
Batting: RHB Darrel O'Dooley 0-0: Ball
1-0: Ball
2-0: Ground out 6-3 (Groundball, 6)
Batting: RHB Wilbert Bernard 0-0: Called Strike
0-1: Ball
1-1: Foul Ball, location: 2F
1-2: Ground out 6-3 (Groundball, 6)
Top of the 6th over - 2 run(s), 1 hit(s), 0 error(s), 0 left on base; Wake Forest 6 - North Carolina State 2
BOTTOM OF THE 6TH
North Carolina State Wolfpack batting - Pitching for Wake Forest Demon Deacons : RHP Jon Allen
Batting: RHB Bob Olson 0-0: Called Strike
0-1: SINGLE (Line Drive, 89S)
Batting: RHB Henry Dawson 0-0: Called Strike
0-1: Ball
1-1: SINGLE (Line Drive, 78S)
Bob Olson to second
Batting: RHB Dennis Mays 0-0: Foul Ball, location: 2F
0-1: Ground out 5-3 (Groundball, 5S)
Bob Olson to third
Henry Dawson to second
Batting: RHB Rafael Rosário 0-0: Called Strike
0-1: Fly out, F3 (Popup, 3F)
Batting: LHB Frank Jackson 0-0: Ball
1-0: Ball
2-0: Ball
3-0: Called Strike
3-1: Base on Balls
Pitching: LHP Dan Brown
Batting: RHB Richard Heath 0-0: Ball
1-0: Called Strike
1-1: Ball
2-1: Foul Ball, location: 2F
2-2: Ball
3-2: Strikes out looking
Bottom of the 6th over - 0 run(s), 2 hit(s), 0 error(s), 3 left on base; Wake Forest 6 - North Carolina State 2
TOP OF THE 7TH
Wake Forest Demon Deacons batting - Pitching for North Carolina State Wolfpack : RHP Bob Howe
Batting: LHB Garrett King 0-0: Ball
1-0: Ball
2-0: Called Strike
2-1: Reached on Error, E6 (Popup, 6D)
Batting: SHB Ernesto García 0-0: Ball
1-0: Ball
2-0: Called Strike
2-1: Swinging Strike
2-2: Strikes out swinging
Batting: RHB Victor Wilson 0-0: Ball
1-0: Ball
2-0: Foul Ball, location: 2F
2-1: Ball
3-1: Foul Ball, location: 2F
3-2: Base on Balls
Garrett King to second
Batting: LHB Roberto Félix 0-0: SINGLE (Line Drive, 6MD)
Garrett King to third
Victor Wilson to second
Batting: LHB Michael Edwards 0-0: Called Strike
0-1: Ball
1-1: Foul Ball, location: 2F
1-2: Fly out, F3 (Line Drive, 3S)
Batting: RHB Daniel Dillard 0-0: Called Strike
0-1: Ball
1-1: Ball
2-1: Ball
3-1: Base on Balls
Garrett King scores
Victor Wilson to third
Roberto Félix to second
Pitching: RHP Wesley Cunningham
Batting: SHB Terry Dailey 0-0: Ball
1-0: Swinging Strike
1-1: GRAND SLAM HOME RUN (Line Drive, 9LD), Distance : 326 ft
Batting: RHB Darrel O'Dooley 0-0: Called Strike
0-1: Foul Ball, location: 2F
0-2: Foul Ball, location: 2F
0-2: SINGLE (Flyball, 89S)
Batting: RHB Wilbert Bernard 0-0: Called Strike
Darrel O'Dooley is caught stealing 2nd base
Top of the 7th over - 5 run(s), 3 hit(s), 1 error(s), 0 left on base; Wake Forest 11 - North Carolina State 2
BOTTOM OF THE 7TH
North Carolina State Wolfpack batting - Pitching for Wake Forest Demon Deacons : LHP Dan Brown
Batting: SHB Dawson Fowler 0-0: Fly out, F9 (Flyball, 9LM)
Batting: LHB Corey MacGregor 0-0: SOLO HOME RUN (Flyball, 9D), Distance : 357 ft
Batting: RHB Kyle Watkins 0-0: Ball
1-0: Ball
2-0: Called Strike
2-1: Fly out, F8 (Flyball, 89M)
Batting: RHB Bob Olson 0-0: Ball
1-0: Ball
2-0: SINGLE (Line Drive, 9LM)
Batting: RHB Henry Dawson 0-0: Called Strike
0-1: Ball
1-1: Ball
2-1: Ball
3-1: Foul Ball, location: 2F
3-2: Foul Ball, location: 2F
3-2: Foul Ball, location: 2F
3-2: Base on Balls
Bob Olson to second
Batting: RHB Dennis Mays 0-0: Ball
1-0: Called Strike
1-1: Swinging Strike
1-2: Strikes out looking
Bottom of the 7th over - 1 run(s), 2 hit(s), 0 error(s), 2 left on base; Wake Forest 11 - North Carolina State 3
TOP OF THE 8TH
Wake Forest Demon Deacons batting - Pitching for North Carolina State Wolfpack : RHP Wesley Cunningham
Batting: RHB Wilbert Bernard 0-0: Ball
1-0: Ball
2-0: Ball
3-0: Base on Balls
Batting: LHB Garrett King 0-0: Ball
1-0: Ball
2-0: Ball
3-0: Called Strike
3-1: Called Strike
3-2: SINGLE (Groundball, 6MD)
Wilbert Bernard to second
Runner from 2nd tries for 3rd, OUT!
Batting: SHB Ernesto García 0-0: Ball
1-0: Foul Ball, location: 2F
1-1: Foul Ball, location: 2F
1-2: Ball
2-2: Foul Ball, location: 2F
2-2: Foul Ball, location: 2F
2-2: SINGLE (Groundball, 34D)
Garrett King to second
Runner from 2nd tries for 3rd, SAFE, throw made to third
Batting: RHB Victor Wilson 0-0: SINGLE (Line Drive, 89M)
Garrett King scores
Ernesto García to second
Batting: LHB Roberto Félix 0-0: Ball
1-0: Swinging Strike
1-1: Fly out, F5 (Line Drive, 5)
Batting: LHB Michael Edwards 0-0: Foul Ball, location: 2F
0-1: Ball
1-1: Swinging Strike
1-2: Ball
2-2: Ground out 1-3 (Groundball, 13)
Top of the 8th over - 1 run(s), 3 hit(s), 0 error(s), 2 left on base; Wake Forest 12 - North Carolina State 3
BOTTOM OF THE 8TH
North Carolina State Wolfpack batting - Pitching for Wake Forest Demon Deacons : LHP Dan Brown
Now at C: Alan Thomas
Batting: RHB Rafael Rosário 0-0: Fly out, F7 (Flyball, 7M)
Batting: LHB Frank Jackson 0-0: DOUBLE (Popup, 5D)
Batting: RHB Richard Heath 0-0: Ball
1-0: Fly out, F3 (Popup, 3DF)
Batting: SHB Dawson Fowler 0-0: Foul Ball, location: 2F
0-1: Ball
1-1: Ball
2-1: Called Strike
2-2: Strikes out swinging
Bottom of the 8th over - 0 run(s), 1 hit(s), 0 error(s), 1 left on base; Wake Forest 12 - North Carolina State 3
TOP OF THE 9TH
Wake Forest Demon Deacons batting - Pitching for North Carolina State Wolfpack : RHP Wesley Cunningham
Batting: RHB Daniel Dillard 0-0: Ball
1-0: Foul Ball, location: 2F
1-1: Swinging Strike
1-2: Foul Ball, location: 2F
1-2: Fly out, F4 (Popup, 6MD)
Batting: SHB Terry Dailey 0-0: Called Strike
0-1: Ball
1-1: Ball
2-1: Ball
3-1: Base on Balls
Pitching: RHP Brit Torres
Batting: RHB Darrel O'Dooley 0-0: Ball
Balk!
Terry Dailey to second
1-0: Ball
2-0: Ball
3-0: Base on Balls
Batting: RHB Wilbert Bernard 0-0: Ball
1-0: Swinging Strike
1-1: Called Strike
1-2: Ball
2-2: Fly out, F3 (Line Drive, 34)
Batting: LHB Garrett King 0-0: Called Strike
0-1: Ball
1-1: Ball
2-1: Swinging Strike
2-2: Ground out 1-3 (Groundball, 34S)
Top of the 9th over - 0 run(s), 0 hit(s), 0 error(s), 2 left on base; Wake Forest 12 - North Carolina State 3
BOTTOM OF THE 9TH
North Carolina State Wolfpack batting - Pitching for Wake Forest Demon Deacons : LHP Dan Brown
Batting: LHB Corey MacGregor 0-0: Ball
1-0: Swinging Strike
1-1: Ball
2-1: Ball
3-1: Called Strike
3-2: Base on Balls
Batting: RHB Kyle Watkins 0-0: Ball
1-0: Foul Ball, location: 2F
1-1: Called Strike
1-2: Ball
2-2: Foul Ball, location: 2F
2-2: Ball
3-2: Foul Ball, location: 2F
3-2: Foul Ball, location: 2F
3-2: Foul Ball, location: 2F
3-2: Ground out 5-3 (Groundball, 56)
Corey MacGregor to second
Pitching: RHP John Gill
Batting: RHB Bob Olson 0-0: Ball
1-0: Ball
2-0: SINGLE (Groundball, 34D)
Corey MacGregor to third
Runner from 3rd tries for Home, SAFE, no throw or cutoff
Batting: RHB Henry Dawson 0-0: Swinging Strike
0-1: Foul Ball, location: 2F
0-2: Ball
1-2: Strikes out swinging
Batting: RHB Dennis Mays 0-0: Fielders Choice at 2nd, 5-4 (Groundball, 56)
Bottom of the 9th over - 1 run(s), 1 hit(s), 0 error(s), 0 left on base; Wake Forest 12 - North Carolina State 4
This league is powered by Out of the Park Baseball, the baseball management simulation game for PC, Mac and Linux
Tuesday, August 2nd, 2016 - OOTP Baseball 16.8 Build 38